 Dungeon Crawl Stone Soup version 0.24.1-14-gf8d2b509d9 (webtiles) character file.

Game seed: 13928647955262938888, levelgen mode: deterministic

82 Hugehornet the Chopper (level 4, -7/28 HPs)
             Began as a Gargoyle Fighter on May 24, 2020.
             Mangled by Sigmund
             ... wielding a +0 scythe
              (8 damage)
             ... on level 2 of the Dungeon.
             The game lasted 00:01:18 (1189 turns).

Hugehornet the Chopper (Gargoyle Fighter)           Turns: 1189, Time: 00:01:18

Health: -7/28      AC: 10    Str: 24    XL:     4   Next: 43%
Magic:  4/4        EV:  7    Int: 10    God:
Gold:   102        SH:  0    Dex:  9    Spells: 3/3 levels left

rFire    . . .     SeeInvis .   a - +0 war axe
rCold    . . .     Gourm    .   c - +0 shield
rNeg     + . .     Faith    .   b - +0 scale mail
rPois    ∞         Spirit   .   (no helmet)
rElec    +         Reflect  .   (no cloak)
rCorr    .         Harm     .   (no gloves)
MR       .....                  (no boots)
Stlth    ..........             (no amulet)
HPRegen  0.09/turn              (no ring)
MPRegen  0.09/turn              (no ring)

@: confused, mighty
A: negative energy resistance 1, electricity resistance, unbreathing,
petrification resistance, rot immunity, AC +3
a: no special abilities


You were on level 2 of the Dungeon.
You were not hungry.

You visited 1 branch of the dungeon, and saw 2 of its levels.

You collected 102 gold pieces.

Inventory:

Hand Weapons
 a - a +0 war axe (weapon)
Armour
 b - a +0 scale mail (worn)
 c - a +0 shield (worn)
Jewellery
 e - an uncursed amulet of harm {unknown}
 l - an uncursed ring of positive energy {unknown}
 m - an uncursed ring of fire {unknown}
 o - an uncursed amulet of magic regeneration {unknown}
Scrolls
 g - a scroll of identify {unknown}
 h - 2 scrolls of amnesia {unknown}
 k - 3 scrolls of teleportation {unknown}
Potions
 i - a potion of invisibility {unknown}
 j - a potion of lignification {unknown}
Comestibles
 f - 4 rations
 n - 2 chunks of flesh


   Skills:
 - Level 3.2 Fighting
 + Level 4.1 Axes
 - Level 3.2 Armour
 - Level 3.2 Shields


You had 3 spell levels left.
You didn't know any spells.
Your spell library was empty.

Dungeon Overview and Level Annotations

Branches:
Dungeon (2/15)

Altars:

Annotations:
D:2 Sigmund


Innate Abilities, Weirdness & Mutations

You are resistant to torment.
Your stone body is resilient. (AC +3)
You are immune to poison.
You resist negative energy. (rN+)
You are resistant to electric shocks. (rElec)
You can survive without breathing.
You are immune to petrification.
You are immune to rotting.


Message History

You closely miss Sigmund. Sigmund closely misses you.
You hit Sigmund.
Sigmund is lightly wounded.
You slice Sigmund!!
Sigmund is almost dead.
Sigmund hits you with a +0 scythe!
* * * LOW HITPOINT WARNING * * *
You closely miss Sigmund.
Sigmund is almost dead.
Sigmund casts a spell at you.
You are confused.
Sigmund hits you with a +0 scythe.
* * * LOW HITPOINT WARNING * * *
You're too confused to move!
You're too confused to move!
Sigmund hits you but does no damage.
Okay, then.
You miss Sigmund.
Sigmund is almost dead.
Sigmund hits you with a +0 scythe!
You die...

#. #.# #.# #.######### #.#
#.......... #.# #..........
#####.# #.......... ......#
#..........
......#############..........
................@@...........
......###...#######.#<.!.....
..(...###...................#
....................###.....#
###...###.##........# .....#
###...###.##........# .....#
..........########### ....#
................ ###.#
#######†.)......


You could see Sigmund.

Vanquished Creatures
  Terence (D:2)
  An adder (D:2)
  2 oozes
  A dart slug (D:1)
  3 leopard geckos
  5 goblins (D:1)
  5 hobgoblins
  3 jackals (D:1)
  5 bats (D:1)
  3 frilled lizards (D:1)
  2 kobolds (D:1)
  4 rats
35 creatures vanquished.

Notes
Turn   | Place    | Note
-------+----------+-------------------------------------------
     0 | D:1      | Hugehornet the Gargoyle Fighter began the quest for the
                  | Orb.
     0 | D:1      | Reached XP level 1. HP: 14/14 MP: 1/1
    12 | D:1      | Reached skill level 2 in Axes
   196 | D:1      | Reached XP level 2. HP: 16/19 MP: 2/2
   556 | D:1      | Reached skill level 3 in Axes
   556 | D:1      | Reached XP level 3. HP: 23/23 MP: 3/3
  1164 | D:2      | Noticed Terence
  1165 | D:2      | Noticed Sigmund
  1180 | D:2      | Killed Terence
  1180 | D:2      | Reached skill level 4 in Axes
  1180 | D:2      | Reached XP level 4. HP: 13/28 MP: 4/4
  1186 | D:2      | HP: 1/28 [Sigmund/+0 scythe (4)]
  1189 | D:2      | Mangled by Sigmund

Levels and vault maps discovered:
D:1:      dpeg_arrival_pits, layout_basic, minmay_misc_feat_diagonals,
          hangedman_abyss_or_decor_stabs, minmay_misc_feat_rows
D:2:      layout_basic, lemuel_another_geyser, uniq_sigmund, uniq_terence

Skill      XL: |  1  2  3 |
---------------+----------+-----
Axes           | 2 3 4 |  4.1
Fighting       | |  3.2
Armour         | |  3.2
Shields        | |  3.2

Action                   |  1- 3 |  4- 6 || total
-------------------------+-------+-------++-------
Melee: War axe           |   130 |     6 ||   136
  Use: Potion            |     1 |       ||     1
  Eat: Chunk             |     1 |       ||     1
Armor: Scale mail        |    84 |     3 ||    87
Dodge: Dodged            |    47 |     1 ||    48
Block: Shield            |    82 |     1 ||    83
